 Dungeon Crawl Stone Soup version 0.31-a0-691-g409c26aa35 (webtiles) character file.

Game seed: 15456916115869293091

4907 Rhemslard the Carver (level 10, -8/61 HPs)
             Began as a Gargoyle Gladiator on Sept 6, 2023.
             Was an Elder of Wu Jian.
             Mangled by a two-headed ogre
             ... wielding a +0 giant spiked club
              (13 damage)
             ... on level 8 of the Dungeon.
             The game lasted 00:30:46 (7696 turns).

Rhemslard the Carver (Gargoyle Gladiator)           Turns: 7696, Time: 00:30:46

Health: -8/61      AC: 12    Str: 20    XL:     10   Next: 51%
Magic:  19/19      EV: 19    Int:  9    God:    Wu Jian [****..]
Gold:   462        SH:  0    Dex: 13    Spells: 9/9 levels left

rFire   . . .        a - +0 long sword
rCold   . . .        (no shield)
rNeg    + . .        b - +0 leather armour
rPois   ∞            c - +0 helmet
rElec   +            (no cloak)
rCorr   .            (no gloves)
SInv    .            (no boots)
Will    .....        j - amulet of regeneration
Stlth   ++           t - +5 ring of evasion
HPRegen 1.10/turn    H - ring of magical power
MPRegen 0.16/turn

%: no passive effects
@: no status effects
A: sickness immunity, AC +7, negative energy resistance 1, electricity
resistance, torment resistance 1, petrification resistance
a: Renounce Religion, Wall Jump, Serpent's Lash


You were on level 8 of the Dungeon.
You worshipped Wu Jian.
Wu Jian was greatly pleased with you.
You visited 1 branch of the dungeon, and saw 9 of its levels.

You collected 462 gold pieces.

Inventory:

Hand Weapons
 a - a +0 long sword (weapon)
 d - a +5 falchion
Missiles
 e - a javelin
 h - 11 poisoned darts (quivered)
 L - a curare-tipped dart
Armour
 b - a +0 leather armour (worn)
 c - a +0 helmet (worn)
 A - a +0 cloak
Jewellery
 j - an amulet of regeneration (around neck)
 l - an amulet of reflection
 t - a +5 ring of evasion (left hand)
 H - a ring of magical power (right hand)
Talismans
 o - a beast talisman
Wands
 x - a wand of mindburst (6)
 y - a wand of digging (4)
 B - a wand of iceblast (8)
 C - a wand of flame (17)
Scrolls
 g - a scroll of noise
 k - a scroll of blinking {unknown}
 r - a scroll of amnesia {unknown}
 s - 4 scrolls of poison
 u - 4 scrolls of teleportation
 v - 2 scrolls of brand weapon {unknown}
 w - 2 scrolls of revelation {unknown}
 G - a scroll of immolation {unknown}
 J - a scroll of identify
 K - a scroll of summoning {unknown}
Potions
 f - 3 potions of might {unknown}
 i - a potion of magic {unknown}
 m - 3 potions of heal wounds {unknown}
 n - a potion of curing
 p - 6 potions of brilliance
 q - a potion of resistance {unknown}
 z - 2 potions of mutation {unknown}
 D - a potion of cancellation {unknown}
 E - 2 potions of attraction {unknown}
 F - a potion of haste {unknown}
 I - a potion of ambrosia {unknown}


   Skills:
 + Level 6.8 Fighting
 + Level 10.1 Long Blades
 + Level 3.0 Throwing
 + Level 4.6 Armour
 + Level 6.1 Dodging
 + Level 4.0 Stealth
 + Level 0.1 Evocations


You had 9 spell levels left.
You didn't know any spells.
Your spell library contained the following spells:

 Spells                   Type           Power      Damage    Failure   Level
 Scorch                   Fire           0%         2d5       56%         2
 Ozocubu's Armour         Ice            0%         N/A       80%         3
 Animate Dead             Necr           0%         N/A       99%         4
 Flame Wave               Conj/Fire      0%         2d4       99%         4
 Vhi's Electric Charge    Tloc/Air       0%         N/A       99%         4
 Arcjolt                  Conj/Air       0%         1d10      100%        5
 Borgnjor's Vile Clutch   Necr/Erth      0%         N/A       100%        5
 Metabolic Englaciation   Hex/Ice        0%         N/A       100%        5
 Death Channel            Necr           0%         N/A       100%        6
 Plasma Beam              Fire/Air       0%         2x1d10    100%        6
 Simulacrum               Ice/Necr       0%         N/A       100%        6
 Summon Cactus Giant      Summ           0%         N/A       100%        6


Dungeon Overview and Level Annotations

Branches:
Dungeon (9/15)             Temple (0/1) D:6
   Lair: D:8-11         Orc: D:9-12

Altars:
Ashenzari
Fedhas
Gozag
Kikubaaqudgha
Makhleb
Trog
Uskayaw
Wu Jian

Shops:
D:6 *


Innate Abilities, Weirdness & Mutations

You are immune to sickness and miasma.
Your stone body is resilient. (AC +7)
You are immune to poison.
You resist negative energy. (rN+)
You are resistant to electric shocks. (rElec)
You are resistant to unholy torment.
You are immune to petrification.


Message History

The two-headed ogre closely misses you.
You hit the two-headed ogre but do no damage.
The two-headed ogre is severely wounded.
The two-headed ogre barely misses you.
The two-headed ogre completely misses you.
You slash the two-headed ogre!
The two-headed ogre is severely wounded.
You slash the two-headed ogre!
The two-headed ogre is almost dead.
The two-headed ogre completely misses you.
The two-headed ogre misses you.
You hit the two-headed ogre but do no damage.
The two-headed ogre is almost dead.
You barely miss the two-headed ogre.
The two-headed ogre is almost dead.
The two-headed ogre closely misses you.
The two-headed ogre hits you with a +0 giant club!
* * * LOW HITPOINT WARNING * * *
You barely miss the two-headed ogre.
The two-headed ogre is almost dead.
The two-headed ogre misses you. x2
You barely miss the two-headed ogre.
The two-headed ogre is almost dead.
The orc wizard gestures wildly while chanting.
The orc wizard flickers and vanishes!
You barely miss the two-headed ogre.
The two-headed ogre is almost dead.
The two-headed ogre misses you. The two-headed ogre closely misses you.
You hit the two-headed ogre but do no damage.
The two-headed ogre is almost dead.
You hit the two-headed ogre.
The two-headed ogre is almost dead.
The two-headed ogre barely misses you.
The two-headed ogre hits you with a +0 giant club!
* * * LOW HITPOINT WARNING * * *
You hit the two-headed ogre.
You punch the two-headed ogre, but do no damage.
The two-headed ogre is almost dead.
The two-headed ogre hits you with a +0 giant spiked club!
You die...

### #
#.############### #
#...........@O{.# #
#.#############.# #
#.# #.# # #.#
#########.# # #.#
#.......#.# # #.#
#.......#.# # #.#
#[......#.#
#####'#####.......#)#
#.........#.......#.#


You could see a two-headed ogre.

Vanquished Creatures
  2 two-headed ogres (D:8)
  Pikel (D:3)
  A wyvern (D:8)
  2 ice beasts (D:6)
  2 black bears
  2 centaurs
  2 ogres
  3 phantoms (D:5)
  2 kobold brigands (D:8)
  A scorpion (D:5)
  3 bullfrogs (D:8)
  8 wights
  5 killer bees (D:8)
  3 jellies
  A gnoll bouda (D:7)
  3 orc priests
  9 hounds
  9 iguanas
  Ijyb (D:4)
  A sleepcap (D:7)
  7 orc wizards
  6 gnolls
  6 adders
  2 shadow imps
  3 white imps
  9 ufetubi
  2 dart slugs
  22 orcs
  3 bats
  6 endoplasms
  3 giant cockroaches
  14 goblins
  7 hobgoblins
  7 jackals
  2 quokkas (D:3)
  6 ball pythons
  4 frilled lizards
  11 kobolds
  5 rats
186 creatures vanquished.

Notes
Turn   | Place    | Note
-------+----------+-------------------------------------------
     0 | D:1      | Rhemslard the Gargoyle Gladiator began the quest for the
                  | Orb.
     0 | D:1      | Reached XP level 1. HP: 12/12 MP: 1/1
   109 | D:1      | Reached XP level 2. HP: 14/18 MP: 2/2
   206 | D:1      | You fall into a shaft and drop 1 floor!
   206 | D:2      | Found an ornate altar of the Wu Jian Council.
   210 | D:2      | Became a worshipper of the Wu Jian Council
   362 | D:1      | Reached skill level 3 in Long Blades
   501 | D:1      | Reached XP level 3. HP: 22/22 MP: 3/3
   938 | D:2      | Found a faded altar of an unknown god.
  1449 | D:3      | Reached * piety under Wu Jian
  1450 | D:3      | Reached skill level 1 in Armour
  1484 | D:3      | Reached XP level 4. HP: 27/27 MP: 4/4
  1631 | D:3      | Reached skill level 1 in Stealth
  1631 | D:3      | Reached XP level 5. HP: 32/32 MP: 5/5
  1765 | D:3      | Reached skill level 4 in Long Blades
  1767 | D:3      | Noticed an ogre
  1784 | D:3      | HP: 1/32 [ogre/+0 giant spiked club (18)]
  1786 | D:3      | Killed an ogre
  1821 | D:3      | Found an opulent altar of Gozag.
  2211 | D:4      | Noticed a lemure
  2212 | D:4      | Noticed Pikel
  2222 | D:3      | Reached XP level 6. HP: 37/37 MP: 6/6
  2299 | D:3      | Killed Pikel
  2300 | D:3      | Reached skill level 5 in Long Blades
  2300 | D:3      | Reached XP level 7. HP: 33/41 MP: 7/7
  2507 | D:4      | Found a bloodstained altar of Trog.
  2618 | D:4      | Found a burning altar of Makhleb.
  3000 | D:4      | Reached ** piety under Wu Jian
  3001 | D:4      | Reached XP level 8. HP: 23/48 MP: 8/8
  3004 | D:4      | Reached skill level 6 in Long Blades
  3039 | D:4      | Noticed Ijyb
  3064 | D:4      | Killed Ijyb
  3193 | D:5      | Entered Level 5 of the Dungeon
  3875 | D:5      | Reached skill level 7 in Long Blades
  4077 | D:5      | Reached skill level 5 in Fighting
  4079 | D:5      | Reached XP level 9. HP: 38/54 MP: 9/9
  4157 | D:5      | Noticed a two-headed ogre
  4308 | D:6      | Reached *** piety under Wu Jian
  4514 | D:6      | Reached skill level 8 in Long Blades
  4564 | D:6      | Reached skill level 5 in Dodging
  4663 | D:6      | Found a hide-covered altar of Uskayaw.
  4790 | D:6      | Found Etto's Lightly-Used Armoury.
  4931 | D:6      | Found a staircase to the Ecumenical Temple.
  5181 | D:6      | Identified the +7 scale mail of Cynicism {rPois Int-5 Dex+5
                  | Stlth+}
  5791 | D:7      | Reached **** piety under Wu Jian
  6051 | D:8      | Reached skill level 9 in Long Blades
  6237 | D:8      | Reached XP level 10. HP: 48/60 MP: 10/10
  6460 | D:8      | Found an ancient bone altar of Kikubaaqudgha.
  6461 | D:8      | Found a broken altar of Ashenzari.
  7047 | D:8      | Noticed a two-headed ogre
  7083 | D:8      | HP: 2/61 [two-headed ogre/+0 giant club (9)]
  7099 | D:8      | Killed a two-headed ogre
  7184 | D:8      | Found a blossoming altar of Fedhas.
  7185 | D:8      | Found an ornate altar of the Wu Jian Council.
  7351 | D:9      | Noticed a two-headed ogre
  7358 | D:9      | Noticed a kobold demonologist
  7359 | D:9      | Noticed a two-headed ogre
  7394 | D:8      | Killed a two-headed ogre
  7395 | D:8      | Reached skill level 10 in Long Blades
  7435 | D:9      | Noticed a smoke demon
  7696 | D:8      | Mangled by a two-headed ogre

Illustrated notes

Levels and vault maps discovered:
D:1:      lightli_arrival_farm, layout_basic
D:2:      layout_rooms, shapermc_ecumenical_altar_venn, basic_altar,
          serial_corexii_hall, chequers_hall_statues_corner_a,
          corexii_hall_statues_x, corexii_hall_statues_s
D:3:      layout_loops_cross, nicolae_gozag_seed_capital,
          minmay_increasing_density
D:4:      kennysheep_goblin_castle, layout_loops_ring, bloody_trog,
          lemuel_coloured_pillars_altar, uniq_pikel
D:5:      kennysheep_windowed_halls, layout_basic,
          amcnicky_mini_rare_corridor_liquid
D:6:      layout_basic, mainiacjoe_overflow_surrounded_room,
          minmay_temple_entry_glass, serial_demonic, serial_demonic_e,
          serial_demonic_a, serial_demonic_d, serial_demonic_c,
          minmay_misc_feat_encased, minmay_shop_damaged,
          chequers_serial_rivers_small_3
D:7:      layout_loops_ring
D:8:      layout_basic, nicolae_overflow_hidden_temple
D:9:      minmay_imperfect_grid, layout_irregular_city, lair_entry_dummy,
          serial_shops, shop, grunt_decor_fettered, uniq_maurice

Skill      XL: |  1  2  3  4  5  6  7  8  9 10 |
---------------+-------------------------------+-----
Long Blades    | 3 4 5 7 9 10 | 10.1
Armour         | 1 3 4 |  4.6
Throwing       | 2 3 |  3.0
Stealth        | 1 2 3 4 |  4.0
Fighting       | 3 4 5 6 |  6.8
Dodging        | 3 4 5 6 |  6.1
Evocations     | |  0.1

Action                     |  1- 3 |  4- 6 |  7- 9 | 10-12 || total
---------------------------+-------+-------+-------+-------++-------
  Melee: Long sword        |   103 |   138 |   749 |   117 ||  1107
         Punch             |     1 |       |     6 |     5 ||    12
  Throw: Dart              |     3 |       |       |    21 ||    24
         Throwing net      |       |     2 |       |     1 ||     3
Ability: Lunge             |    12 |     4 |    31 |     4 ||    51
         Whirlwind         |       |     6 |    45 |    13 ||    64
  Evoke: Wand              |       |       |     3 |     2 ||     5
    Use: Scroll            |     3 |     2 |     1 |     1 ||     7
         Potion            |       |     1 |       |       ||     1
   Stab: Sleeping          |     1 |     3 |     6 |       ||    10
         Held in net/web   |       |     2 |       |     2 ||     4
 Armour: Leather armour    |    46 |    66 |   403 |    55 ||   570
  Dodge: Dodged            |    66 |   171 |   807 |   102 ||  1146

Table legend: (Time is in decaauts)
 A = Elapsed time spent in this place.
 B = Non-inter-level travel time spent in this place.
 C = Inter-level travel time spent in this place.
 D = Time resting spent in this place.
 E = Time spent auto-exploring this place.
 F = Levels seen in this place.
 G = Mean time per level.
                   A        B        C        D        E       F      G
               +--------+--------+--------+--------+--------+-----+--------+
         Total |   7773 |   7375 |    398 |     87 |   4918 |   9 |  863.7 |
       Dungeon |   7773 |   7375 |    398 |     87 |   4918 |   9 |  863.7 |
               +--------+--------+--------+--------+--------+-----+--------+

Top non-repeatable levels by time:
     D:8: 1624 daAuts
     D:5: 1070 daAuts
     D:3: 1041 daAuts
     D:6: 997 daAuts
     D:4: 882 daAuts
     D:7: 784 daAuts
     D:1: 780 daAuts
     D:2: 576 daAuts
     D:9: 14 daAuts
